 Dungeon Crawl Stone Soup version 0.29-a0-477-g62b78b4225 (webtiles) character file.

Game seed: 9626276774051289150

167 siradein the Skirmisher (level 5, -9/57 HPs)
             Began as an Ogre Fighter on May 25, 2022.
             Was an Initiate of Makhleb.
             Mangled by a wyvern (14 damage)
             ... on level 4 of the Dungeon.
             The game lasted 00:07:00 (4028 turns).

siradein the Skirmisher (Ogre Fighter)              Turns: 4028, Time: 00:07:00

Health: -9/57      AC:  3    Str: 22    XL:     5   Next: 48%
Magic:  5/5        EV: 13    Int:  9    God:    Makhleb [......]
Gold:   157        SH:  7    Dex:  8    Spells: 4/4 levels left

rFire   . . .      SeeInvis .   a - +0 trident
rCold   . . .      Faith    .   c - +0 kite shield
rNeg    . . .      Spirit   .   b - +0 robe
rPois   .          Reflect  .   (helmet restricted)
rElec   .          Harm     .   (no cloak)
rCorr   .          Rampage  .   (gloves unavailable)
Will    .....                   (boots unavailable)
Stlth   +.........              (no amulet)
HPRegen 0.19/turn               g - +4 ring of evasion
MPRegen 0.09/turn               (no ring)

@: no status effects
A: large, unfitting armour, tough skin 1
a: Renounce Religion


You were on level 4 of the Dungeon.
You worshipped Makhleb.
Makhleb was noncommittal.
You visited 2 branches of the dungeon, and saw 5 of its levels.

You collected 157 gold pieces.

Inventory:

Hand Weapons
 a - a +0 trident (weapon)
Missiles
 e - 6 poisoned darts
 f - 149 stones (quivered)
 r - a throwing net
 u - 5 boomerangs
Armour
 b - a +0 robe (worn)
 c - a +0 kite shield (worn)
Jewellery
 g - a +4 ring of evasion (left hand)
 p - a ring of ice
Wands
 v - a wand of iceblast (9)
Scrolls
 k - 2 scrolls of summoning {unknown}
 m - 3 scrolls of teleportation
 o - a scroll of torment {unknown}
 w - a scroll of immolation {unknown}
Potions
 d - a potion of might
 h - 3 potions of curing
 i - 3 potions of ambrosia {unknown}
 j - a potion of flight {unknown}
 l - 2 potions of lignification {unknown}
 n - a potion of haste {unknown}
 q - a potion of berserk rage {unknown}
 s - 2 potions of brilliance {unknown}
 t - a potion of mutation {unknown}


   Skills:
 + Level 5.2 Fighting
 + Level 3.1 Polearms
 + Level 3.5 Dodging
 + Level 4.0 Shields
 + Level 0.0 Invocations


You had 4 spell levels left.
You didn't know any spells.
Your spell library was empty.

Dungeon Overview and Level Annotations

Branches:
Dungeon (4/15)             Temple (1/1) D:4

Altars:
Ashenzari
Cheibriados
Dithmenos
Elyvilon
Fedhas
Gozag
Hepliaklqana
Kikubaaqudgha
Makhleb
Nemelex Xobeh
Okawaru
Qazlal
Ru
Trog
Uskayaw
Wu Jian
Yredelemnul
Zin
The Shining One


Innate Abilities, Weirdness & Mutations

You are too large for most types of armour.
You have tough skin. (AC +1)


Message History

Done exploring.
Done exploring.
Done exploring.
Done exploring.
Done exploring.
There is a burning altar of Makhleb here.
You kneel at the altar of Makhleb.
Makhleb welcomes you!
There is a staircase back to the Dungeon here.
You climb upwards.
Welcome back to the Dungeon!
There is a staircase to the Ecumenical Temple here.
You now have 157 gold pieces (gained 11).
A wyvern comes into view.
The wyvern hisses angrily.
A wyvern is nearby!
A wyvern is nearby!
A wyvern is nearby!
You throw a stone. The stone closely misses the wyvern.
You throw a stone. The stone barely misses the wyvern.
You hit the wyvern but do no damage.
The wyvern bites you but does no damage.
The wyvern closely misses you.
You hit the wyvern.
The wyvern is lightly wounded.
The wyvern completely misses you.
You barely miss the wyvern.
The wyvern is lightly wounded.
The wyvern bites you!! x2
You are too injured to fight recklessly!
You are too injured to fight recklessly!
You are too injured to fight recklessly!
You are too injured to fight recklessly!
You are too injured to fight recklessly!
You are too injured to fight recklessly!
You closely miss the wyvern.
The wyvern is lightly wounded.
The wyvern bites you!
* * * LOW HITPOINT WARNING * * *
The wyvern bites you!
You die...

..##..###.....
...##..#........ (....#
..........>.....##......
.<........###...(......#
.†......................
..........###.........#
#....................#
#...............l..#
#..##....#.#....@# ####
....##[#.# ##....###..##
.......#..##.#.........##
....##.#................##
....##.#..####.....##....#
........... #.....###..##
....###.##.. ##..#..##.##
.##.# ##...##.[##..#...#
###.# #...##..##....##


You could see a wyvern.

Vanquished Creatures
  2 iguanas
  2 adders (D:2)
  An ufetubus (D:3)
  2 worms
  4 dart slugs
  3 ball pythons
  10 endoplasms
  6 giant cockroaches
  7 hobgoblins
  2 jackals (D:2)
  5 quokkas
  6 bats
  2 frilled lizards
  9 goblins
  4 kobolds
  6 rats
71 creatures vanquished.

Notes
Turn   | Place    | Note
-------+----------+-------------------------------------------
     0 | D:1      | siradein the Ogre Fighter began the quest for the Orb.
     0 | D:1      | Reached XP level 1. HP: 24/24 MP: 1/1
   240 | D:1      | Found a faded altar of an unknown god.
   282 | D:1      | Reached XP level 2. HP: 32/32 MP: 2/2
   670 | D:1      | Reached XP level 3. HP: 38/40 MP: 3/3
  1701 | D:2      | Reached XP level 4. HP: 49/49 MP: 4/4
  2750 | D:3      | Reached skill level 5 in Fighting
  2750 | D:3      | Reached XP level 5. HP: 50/57 MP: 5/5
  3456 | D:3      | Found an ancient bone altar of Kikubaaqudgha.
  3457 | D:3      | Found a shadowy altar of Dithmenos.
  3460 | D:3      | Found a snail-covered altar of Cheibriados.
  3800 | D:4      | Found a staircase to the Ecumenical Temple.
  3825 | Temple   | Entered the Ecumenical Temple
  3982 | Temple   | Became a worshipper of Makhleb the Destroyer
  4022 | D:4      | Noticed a wyvern
  4028 | D:4      | Mangled by a wyvern

Illustrated notes

Levels and vault maps discovered:
D:1:      dpeg_chamrin_arrival_tetris, layout_basic, basic_ecumenical_altar,
          minmay_split_cup_large
D:2:      layout_rooms
D:3:      layout_basic, nicolae_overflow_hidden_temple
D:4:      layout_cave_pools, minmay_temple_entry_grid, uniq_eustachio,
          uniq_crazy_yiuf_cottage
Temple:   nicolae_temple_elliptical

Skill      XL: |  1  2  3  4  5 |
---------------+----------------+-----
Dodging        | 3 |  3.5
Fighting       | 5 |  5.2
Polearms       | 3 |  3.1
Shields        | 4 |  4.0

Action                   |  1- 3 |  4- 6 || total
-------------------------+-------+-------++-------
Melee: Trident           |   117 |   129 ||   246
Throw: Stone             |       |    19 ||    19
  Use: Scroll            |       |     3 ||     3
 Stab: Sleeping          |       |     2 ||     2
Armor: Robe              |    15 |    26 ||    41
Dodge: Dodged            |    43 |    67 ||   110
Block: Kite shield       |    35 |    48 ||    83

Table legend: (Time is in decaauts)
 A = Elapsed time spent in this place.
 B = Non-inter-level travel time spent in this place.
 C = Inter-level travel time spent in this place.
 D = Time resting spent in this place.
 E = Time spent auto-exploring this place.
 F = Levels seen in this place.
 G = Mean time per level.
                   A        B        C        D        E       F      G
               +--------+--------+--------+--------+--------+-----+--------+
         Total |   4106 |   4039 |     67 |    451 |   2907 |   5 |  821.2 |
       Dungeon |   3937 |   3870 |     67 |    451 |   2788 |   4 |  984.2 |
        Temple |    169 |    169 |      0 |      0 |    119 |   1 |  169.0 |
               +--------+--------+--------+--------+--------+-----+--------+

Top non-repeatable levels by time:
     D:1: 1484 daAuts
     D:3: 1230 daAuts
     D:2: 826 daAuts
     D:4: 395 daAuts
  Temple: 169 daAuts
